 Dungeon Crawl Stone Soup version 0.31-a0-232-gb1c03b2570 (webtiles) character file.

Game seed: 2815879106906117724

81 qw the Shooter (level 4, -4/26 HPs)
             Began as a Gargoyle Hexslinger on July 7, 2023.
             Frozen to death by an endoplasm (5 damage)
             ... on level 2 of the Dungeon.
             The game lasted 00:00:32 (1310 turns).

qw the Shooter (Gargoyle Hexslinger)                Turns: 1310, Time: 00:00:33

Health: -4/26      AC:  8    Str: 12    XL:     4   Next: 40%
Magic:  5/5        EV: 10    Int: 13    God:
Gold:   60         SH:  0    Dex: 14    Spells: 4/5 levels left

rFire   . . .        Y - +1 sling
rCold   . . .        (no shield)
rNeg    + . .        f - +0 ring mail
rPois   inf          (no helmet)
rElec   +            (no cloak)
rCorr   .            (no gloves)
SInv    .            (no boots)
Will    .....        (no amulet)
Stlth   +            (no ring)
HPRegen 0.24/turn    (no ring)
MPRegen 0.09/turn

%: no passive effects
@: no status effects
A: sickness immunity, AC +3, negative energy resistance 1, electricity
resistance, torment resistance 1, petrification resistance
a: no special abilities


You were on level 2 of the Dungeon.
You visited 1 branch of the dungeon, and saw 3 of its levels.

You collected 60 gold pieces.


Innate Abilities, Weirdness & Mutations

You are immune to sickness and miasma.
Your stone body is resilient. (AC +3)
You are immune to poison.
You resist negative energy. (rN+)
You are resistant to electric shocks. (rElec)
You are resistant to unholy torment.
You are immune to petrification.


   Skills:
 - Level 2.0 Fighting
 - Level 4.1 Ranged Weapons
 + Level 0.4 Armour
 - Level 1.5 Dodging
 - Level 1.0 Spellcasting
 - Level 2.6 Hexes


You had 4 spell levels left.
You knew the following spells:

 Your Spells              Type           Power      Damage    Failure   Level
a - Slow                  Hex            28%        N/A       22%         1

Your spell library contained the following spells:

 Spells                   Type           Power      Damage    Failure   Level
 Inner Flame              Hex/Fire       4%         N/A       73%         3
 Portal Projectile        Hex/Tloc       8%         N/A       73%         3
 Cause Fear               Hex            3%         N/A       91%         4

Inventory:

Hand Weapons
 Y - a +1 sling (weapon)
Armour
 f - a +0 ring mail (worn)
Potions
 e - a potion of resistance {unknown}
 g - a potion of attraction {unknown}

Dungeon Overview and Level Annotations

Branches:
Dungeon (3/15)

Altars:


Message History

The endoplasm freezes you.
You are frozen.
The orc hits you but does no damage.
You shoot a sling bullet. The sling bullet hits the orc!
You kill the orc!
The quokka barely misses you.
The endoplasm hits you but does no damage.
The rat completely misses you. The quokka bites you.
You shoot a sling bullet. The sling bullet misses the quokka.
The endoplasm hits you but does no damage.
The rat bites you but does no damage. The quokka misses you.
You shoot a sling bullet.
The sling bullet barely misses the quokka.
The quokka closely misses you.
The endoplasm hits you but does no damage.
The rat bites you but does no damage. The quokka closely misses you.
The endoplasm misses you. The rat closely misses you.
You shoot a sling bullet. The sling bullet misses the quokka.
The quokka closely misses you. The endoplasm closely misses you.
The rat closely misses you.
You shoot a sling bullet.
The sling bullet barely misses the quokka.
The quokka bites you but does no damage.
The endoplasm freezes you.
You are frozen.
The rat barely misses you.
The quokka bites you but does no damage.
You shoot a sling bullet.
The sling bullet completely misses the quokka.
The endoplasm freezes you.
You are frozen.
The rat closely misses you.
The quokka bites you but does no damage.
The endoplasm hits you. The rat closely misses you.
The quokka bites you but does no damage.
You shoot a sling bullet. The sling bullet hits the quokka!
You kill the quokka!
The endoplasm closely misses you. The rat bites you.
You shoot a sling bullet. The sling bullet hits the endoplasm.
The endoplasm is heavily wounded.
The endoplasm freezes you.
You are frozen.
You die...

.....##.................)...>##..
.....##.............#############
#######.............# #.....
########'####....# #.####
#.........###...## #.#...
#.........'.#.### #.#.##
#.........#...# #.#.#.
#.........##.r## #.#.#.
#########...[@)# #.#.#. #...J).#
######'#'#' #......# #..........
#......# #.........< #......#
#.......... #......# #..........
# #......# #.......... # ###'####
#.......... # #.# #..........


You could see an endoplasm and a rat.

Vanquished Creatures
  An orc wizard (D:2)
  An adder (D:2)
  A worm (D:2)
  2 dart slugs (D:1)
  2 orcs (D:2)
  2 ball pythons (D:1)
  4 endoplasms
  2 giant cockroaches
  2 hobgoblins (D:1)
  2 jackals (D:2)
  2 quokkas
  3 bats (D:1)
  2 frilled lizards
  3 goblins (D:2)
  4 kobolds
  8 rats
41 creatures vanquished.

Notes
Turn   | Place    | Note
-------+----------+-------------------------------------------
     0 | D:1      | qw the Gargoyle Hexslinger began the quest for the Orb.
     0 | D:1      | Reached XP level 1. HP: 12/12 MP: 2/2
     0 | D:1      | 0 ||| qw: Version: 0.3-a-46-gb1f654a
     0 | D:1      | 0 ||| qw: Game counter: 2624
     0 | D:1      | 0 ||| qw: Melee chars always use a shield: true
     0 | D:1      | 0 ||| qw: God list: Okawaru
     0 | D:1      | 0 ||| qw: Allow faded altars: false
     0 | D:1      | 0 ||| qw: Do Orc after clearing Dungeon:15 true
     0 | D:1      | 0 ||| qw: Do second Lair branch before Depths: true
     0 | D:1      | 0 ||| qw: Lair rune preference: random
     0 | D:1      | 0 ||| qw: Goals: Normal
     0 | D:1      | 0 ||| PLANNING D:1-11
   152 | D:1      | Reached XP level 2. HP: 16/16 MP: 3/3
   243 | D:1      | Reached skill level 3 in Ranged Weapons
   512 | D:1      | Reached XP level 3. HP: 21/21 MP: 4/4
   541 | D:1      | 541 ||| UPGRADING to +0 ring mail.
   551 | D:1      | 551 ||| DROPPING +0 robe.
   552 | D:1      | 552 ||| READING scroll labelled ZANOUM COESOU.
   553 | D:1      | 553 ||| READING scroll labelled ALYIPLEKHUM.
   558 | D:1      | 558 ||| DROPPING scroll of poison.
  1114 | D:2      | 1114 ||| READING scroll labelled GUASOS CATY.
  1115 | D:2      | 1115 ||| READING scroll labelled SINOLO EFAGG.
  1116 | D:2      | 1116 ||| READING scroll labelled IDISEA YTELOMU.
  1253 | D:3      | 1253 ||| STAIRDANCE
  1263 | D:2      | Reached skill level 4 in Ranged Weapons
  1263 | D:2      | Reached XP level 4. HP: 17/26 MP: 5/5
  1300 | D:3      | 1300 ||| STAIRDANCE
  1308 | D:2      | HP: 3/26 [frozen (4)]
  1308 | D:2      | HP: 1/26 [endoplasm (2)]
  1310 | D:2      | Frozen to death by an endoplasm

Levels and vault maps discovered:
D:1:      psy_arrival_statuary, layout_basic
D:2:      layout_basic
D:3:      layout_rooms, serial_bayou, serial_bayou_lagoon_b,
          serial_bayou_pond_a, serial_bayou_lake_a, serial_bayou_shore_b

Skill      XL: |  1  2  3 |
---------------+----------+-----
Ranged Weapons | 3 4 |  4.1
Fighting       | 2 |  2.0
Armour         | |  0.4
Dodging        | |  1.5
Spellcasting   | |  1.0
Hexes          | |  2.6

Action                     |  1- 3 |  4- 6 || total
---------------------------+-------+-------++-------
   Fire: Sling             |   109 |    10 ||   119
    Use: Scroll            |     5 |       ||     5
 Armour: Robe              |     3 |       ||     3
         Ring mail         |     3 |    16 ||    19
  Dodge: Dodged            |    27 |    25 ||    52

Table legend:
 A = Non-vault XP
 B = Vault XP
 C = Vault XP percentage of total XP
 D = Non-vault monster count
 E = Vault monster count
 F = Vault count percentage of total count
                 A         B        C        D         E       F
            +---------+---------+-------+---------+---------+-------
      Total |     116 |       0 |   0.0 |      41 |       0 |   0.0
            +---------+---------+-------+---------+---------+-------
        D:1 |      34 |       0 |   0.0 |      21 |       0 |   0.0
        D:2 |      82 |       0 |   0.0 |      20 |       0 |   0.0
            +---------+---------+-------+---------+---------+-------
